 Dungeon Crawl Stone Soup version 0.27-a0-1280-g9d2d252d84 (webtiles) character file.

Game seed: 4345208790055617688

12110 Johnny the Thaumaturge (level 11, -3/72 HPs)
             Began as a Deep Elf Earth Elementalist on June 13, 2021.
             Was a Priest of Dithmenos.
             Slain by an orc warrior (16 damage)
             ... on level 10 of the Dungeon.
             The game lasted 00:10:49 (12021 turns).

Johnny the Thaumaturge (DEEE)                      Turns: 12021, Time: 00:10:50

Health: -3/72      AC: 10    Str:  5    XL:     11   Next: 58%
Magic:  5/28       EV:  9    Int: 24    God:    Dithmenos [***...]
Gold:   563        SH: 13    Dex: 18    Spells: 20/33 levels left

rFire    . . .     SeeInvis .   N - +0 short sword (venom)
rCold    . . .     Faith    .   w - +2 buckler
rNeg     + . .     Spirit   .   R - +0 swamp dragon scales
rPois    +         Reflect  +   (no helmet)
rElec    .         Harm     .   (no cloak)
rCorr    .         Rampage  .   f - +2 pair of gloves {Dex+3}
Will     +....                  (no boots)
Stlth    ++........             r - amulet of reflection
HPRegen  0.22/turn              O - ring of positive energy
MPRegen  0.21/turn              (no ring)

@: wreathed by umbra
A: no striking features
a: Renounce Religion, Shadow Step


You were on level 10 of the Dungeon.
You worshipped Dithmenos.
Dithmenos was most pleased with you.
You visited 2 branches of the dungeon, and saw 12 of its levels.
You also visited: Ossuary.

You collected 599 gold pieces.
You spent 36 gold pieces at shops.

Inventory:

Hand Weapons
 d - a +0 spear
 N - a +0 short sword of venom (weapon)
 Q - the +7 pair of quick blades "Gyre" and "Gimble" {protect}
   (You found it on level 8 of the Dungeon)

   It grants its wielder temporary protection when it strikes (+7 to AC).
Missiles
 b - 27 stones
 H - 5 curare-tipped darts
Armour
 a - a +0 ring mail
 c - a +0 robe
 f - a +2 pair of gloves of dexterity (worn)
 w - a +2 buckler (worn)
 x - a +2 robe of cold resistance
 R - +0 swamp dragon scales (worn)
Magical Staves
 g - a staff of death
Jewellery
 r - an amulet of reflection (around neck)
 C - a ring of ice
 O - a ring of positive energy (left hand)
Wands
 j - a wand of mindburst (5)
 t - a wand of digging (9)
 y - a wand of polymorph (9)
 E - a wand of iceblast (1)
Scrolls
 e - 3 scrolls of torment
 h - 2 scrolls of fear {unknown}
 k - a scroll of brand weapon {unknown}
 l - 4 scrolls of teleportation
 n - 4 scrolls of noise
 o - 2 scrolls of fog {unknown}
 p - a scroll of vulnerability
 s - 2 scrolls of enchant armour {unknown}
 u - a scroll of holy word
 I - 3 scrolls of amnesia
 J - a scroll of enchant weapon {unknown}
Potions
 i - 8 potions of curing
 m - 4 potions of degeneration
 q - 3 potions of heal wounds
 v - a potion of brilliance
 z - 3 potions of flight
 A - a potion of haste
 B - 2 potions of cancellation
 D - 2 potions of might
 F - a potion of magic {unknown}
 K - 3 potions of attraction {unknown}
 L - a potion of mutation {unknown}
 M - 2 potions of invisibility {unknown}


   Skills:
 + Level 10.0 Fighting
 - Level 2.4 Dodging
 - Level 2.4 Stealth
 - Level 5.6 Shields
 + Level 11.8 Spellcasting
 - Level 1.1 Transmutations
 + Level 10.3 Earth Magic


You had 20 spell levels left.
You knew the following spells:

 Your Spells              Type           Power      Damage    Failure   Level
a - Sandblast             Erth           100%       2d20      1%          1
b - Stone Arrow           Conj/Erth      78%        3d11      8%          3
c - Lee's Rapid Deconstr  Erth           29%        3d16*     9%          5
d - Petrify               Tmut/Erth      41%        N/A       21%         4

Your spell library contained the following spells:

 Spells                   Type           Power      Damage    Failure   Level
 Passwall                 Tmut/Erth      34%        N/A       3%          2
 Static Discharge         Conj/Air       14%        N/A       32%         2
 Ignite Poison            Fire/Tmut/Pois 15%        N/A       50%         3
 Fireball                 Conj/Fire      7%         3d5       99%         5
 Lightning Bolt           Conj/Air       7%         1d19      99%         5
 Starburst                Conj/Fire      7%         8x6d4     100%        6
 Ignition                 Fire           7%         3d4       100%        8
 Polar Vortex             Ice            7%         N/A       100%        9
 Shatter                  Erth           29%        3d24*     100%        9


Dungeon Overview and Level Annotations

Branches:
Dungeon (11/15)            Temple (1/1) D:5            Lair (0/6) D:8
Ossuary (visited)
    Orc: D:9-12

Altars:
Ashenzari
Cheibriados
Dithmenos
Fedhas
Gozag
Hepliaklqana
Kikubaaqudgha
Makhleb
Nemelex Xobeh
Sif Muna
Trog
Uskayaw
Vehumet
Wu Jian
Xom
Yredelemnul

Shops:
D:1 *((::   D:6 (


Message History

Aim: an orc warrior, wielding a +0 long sword and wearing a +0 chain mail (strong, umbra, chance to affect: 65%)
The orc warrior's mind is blasted!
The orc warrior hits you with a +0 long sword!
An orc comes into view.
It is wielding a +0 whip and carrying a wand of flame (21).
Aiming: Mindburst
Press: ? - help, Shift-Dir - straight line, f/p - orc warrior
Aim: an orc warrior, wielding a +0 long sword and wearing a +0 chain mail (heavily wounded, strong, umbra, chance to affect: 65%)
The orc warrior's mind is blasted!
The orc warrior hits you with a +0 long sword!
* * * LOW HITPOINT WARNING * * *
Aiming: Mindburst
Press: ? - help, Shift-Dir - straight line, f/p - orc warrior
Aim: an orc warrior, wielding a +0 long sword and wearing a +0 chain mail (almost dead, strong, umbra, chance to affect: 65%)
The orc warrior struggles to resist.
The orc warrior barely misses you.
Aiming: Mindburst
Press: ? - help, Shift-Dir - straight line, f/p - orc warrior
Aim: an orc warrior, wielding a +0 long sword and wearing a +0 chain mail (almost dead, strong, umbra, chance to affect: 65%)
The orc warrior struggles to resist.
You block the orc warrior's attack.
Aiming: Mindburst
Press: ? - help, Shift-Dir - straight line, f/p - orc warrior
Aim: an orc warrior, wielding a +0 long sword and wearing a +0 chain mail (almost dead, strong, umbra, chance to affect: 65%)
The orc warrior's mind is blasted!
You blow up the orc warrior!
Dithmenos accepts your kill.
Your Fighting skill increases to level 10!
Aiming: Mindburst
Press: ? - help, Shift-Dir - straight line, f - orc
Aim: an orc, wielding a +0 club and wearing a +0 leather armour (strong, umbra, chance to affect: 80%)
The orc's mind is blasted!
You blow up the orc!
Dithmenos accepts your kill.
The orc warrior no longer looks unusually strong.
Unknown command.
Okay, then.
Okay, then.
Okay, then.
As you read the scroll of summoning, it crumbles to dust.
Wisps of shadow whirl around you...
The orc warrior hits you with a +0 dire flail!
You die...

##+######## ####
#.........# #... .
#.WYY.....####...
))..####YZ.Y.....'......
)8ooooo@Y........####...
)#.#####..Y......# #...
####'###### #... #.#
#... #.# #... #.# ####
#)# # #.# ## ..# #.


You could see 3 orc warriors, 2 orcs, 6 friendly yaks, a friendly wraith
(summoned) and a friendly centaur warrior zombie (summoned).

Vanquished Creatures
  Josephine (D:10)
  3 two-headed ogres (D:8)
  Sonja (D:10)
  An orc knight (D:10)
  Joseph (D:7)
  Maggie (D:10)
  Psyche (D:10)
  A komodo dragon (D:8)
  Grinder (D:5)
  Sigmund (D:2)
  A spriggan (D:8)
  4 wraiths
  A shadow (D:9)
  3 wyverns (D:9)
  15 yaks
  A steam dragon (D:7)
  2 water moccasins
  4 orc warriors
  An ice beast (D:7)
  A sky beast (D:8)
  An ogre (D:4)
  5 centaurs
  A phantom (D:6)
  A gnoll sergeant (D:9)
  A bullfrog (D:7)
  A water moccasin zombie (D:6)
  11 scorpions
  8 killer bees
  A centaur zombie (D:10)
  A hound (D:6)
  3 jellies (D:5)
  A centaur skeleton (D:6)
  2 orc priests (D:10)
  2 bullfrog skeletons (D:6)
  3 human zombies (Ossuary)
  5 scorpion zombies
  3 iguanas
  2 orc wizards
  2 hound skeletons
  3 mummies (Ossuary)
  2 howler monkey zombies
  6 gnolls
  4 adders
  A shadow imp (D:5)
  A white imp (D:7)
  An ufetubus (D:4)
  2 worms (D:2)
  4 dart slugs
  26 orcs
  8 ball pythons
  2 bats
  9 endoplasms
  7 giant cockroaches
  3 goblins
  7 hobgoblins
  3 jackals (D:4)
  3 quokkas
  5 frilled lizards
  2 gnoll zombies (Ossuary)
  2 hobgoblin zombies (Ossuary)
  6 kobolds
  3 kobold zombies (Ossuary)
  An orc zombie (Ossuary)
  7 rats
217 creatures vanquished.

Vanquished Creatures (others)
  58 plants
58 creatures vanquished.

Grand Total: 275 creatures vanquished

Notes
Turn   | Place    | Note
-------+----------+-------------------------------------------
     0 | D:1      | Johnny the Deep Elf Earth Elementalist began the quest for
                  | the Orb.
     0 | D:1      | Reached XP level 1. HP: 10/10 MP: 6/6
    12 | D:1      | Found Humerynuar's Antique Weapon Emporium.
    20 | D:1      | Found Ifeilew's Book Boutique.
    83 | D:1      | Found Pagy Ina's Book Shop.
   135 | D:1      | Reached XP level 2. HP: 7/16 MP: 6/8
   345 | D:1      | Found Mymyleph's Antique Weapon Shop.
   364 | D:1      | Reached skill level 1 in Fighting
   381 | D:1      | Found Izeneteo's General Store.
   455 | D:1      | Bought a potion of curing for 36 gold pieces
   476 | D:1      | Found a faded altar of an unknown god.
   928 | D:2      | Noticed Sigmund
   946 | D:2      | Killed Sigmund
   947 | D:2      | Reached skill level 4 in Spellcasting
   947 | D:2      | Reached XP level 3. HP: 9/22 MP: 3/11
   947 | D:2      | Reached XP level 4. HP: 11/27 MP: 3/12
   947 | D:2      | Reached XP level 5. HP: 13/32 MP: 3/13
  1668 | D:3      | Found a bloodstained altar of Trog.
  2392 | D:2      | Reached XP level 6. HP: 20/37 MP: 5/15
  3610 | D:3      | Reached skill level 5 in Spellcasting
  3858 | D:4      | Reached skill level 5 in Earth Magic
  3862 | D:4      | Learned a level 3 spell: Stone Arrow
  4464 | D:5      | Entered Level 5 of the Dungeon
  4516 | D:5      | Noticed Grinder
  4525 | D:5      | Killed Grinder
  4526 | D:5      | Reached skill level 1 in Shields
  4526 | D:5      | Reached XP level 7. HP: 44/44 MP: 8/17
  4933 | D:5      | Found a hide-covered altar of Uskayaw.
  5049 | D:5      | Reached skill level 6 in Spellcasting
  5099 | D:5      | Found a staircase to the Ecumenical Temple.
  5106 | Temple   | Entered the Ecumenical Temple
  5227 | Temple   | Became a worshipper of Dithmenos the Shadowed
  5848 | D:6      | Reached skill level 5 in Fighting
  5854 | D:6      | Reached XP level 8. HP: 49/49 MP: 15/19
  6049 | D:6      | Found a shimmering altar of Xom.
  6322 | D:6      | Found Jeck's Antique Weapon Boutique.
  6735 | D:7      | Reached skill level 7 in Spellcasting
  6877 | D:7      | Found a sand-covered staircase.
  6883 | Ossuary  | Entered an ossuary
  7224 | Ossuary  | Reached * piety under Dithmenos
  7516 | Ossuary  | Reached XP level 9. HP: 56/56 MP: 9/22
  8013 | D:7      | Reached skill level 8 in Spellcasting
  8014 | D:7      | Noticed Joseph
  8025 | D:7      | Killed Joseph
  8629 | D:8      | Found a staircase to the Lair.
  8630 | D:8      | Noticed a komodo dragon
  8646 | D:8      | Killed a komodo dragon
  8746 | D:8      | Reached ** piety under Dithmenos
  8754 | D:8      | Reached skill level 9 in Spellcasting
  8765 | D:8      | Reached XP level 10. HP: 47/64 MP: 3/25
  9089 | D:8      | Noticed a two-headed ogre
  9095 | D:8      | Killed a two-headed ogre
  9225 | D:8      | Noticed a two-headed ogre
  9225 | D:8      | Noticed a two-headed ogre
  9231 | D:8      | Killed a two-headed ogre
  9232 | D:8      | Reached skill level 5 in Shields
  9234 | D:8      | Killed a two-headed ogre
  9235 | D:8      | Reached skill level 10 in Spellcasting
  9307 | D:8      | Found the +7 pair of quick blades "Gyre" and "Gimble"
                  | {protect}
  9773 | D:9      | Found a burning altar of Makhleb.
  9988 | D:9      | Found a hazy altar of Hepliaklqana.
  9988 | D:9      | Found a blossoming altar of Fedhas.
 10184 | D:9      | Learned a level 5 spell: Lee's Rapid Deconstruction
 10189 | D:9      | Learned a level 4 spell: Petrify
 10372 | D:9      | Reached XP level 11. HP: 71/71 MP: 10/27
 11220 | D:10     | Entered Level 10 of the Dungeon
 11230 | D:10     | Noticed Josephine
 11235 | D:10     | Noticed Psyche
 11565 | D:10     | Reached *** piety under Dithmenos
 11566 | D:10     | Reached skill level 11 in Spellcasting
 11680 | D:10     | Noticed Sonja
 11684 | D:10     | Killed Sonja
 11725 | D:10     | Killed Psyche
 11754 | D:10     | Killed Josephine
 11755 | D:10     | Reached skill level 10 in Earth Magic
 11940 | D:10     | Noticed Maggie
 11947 | D:10     | Killed Maggie
 11994 | D:10     | Noticed an orc knight
 12008 | D:10     | Killed an orc knight
 12020 | D:10     | Reached skill level 10 in Fighting
 12021 | D:10     | Slain by an orc warrior

Illustrated notes

Levels and vault maps discovered:
D:1:      shiori_arrival_oz, layout_rooms, serial_shops, nicolae_shop_crystal,
          shop_fountains, nicolae_shop_stone, nicolae_shop_crystal, shop,
          basic_ecumenical_altar
D:2:      wad_woods_pond, layout_basic, st_stairs_5, uniq_sigmund
D:3:      layout_loops_ring, lemuel_round_altar, nicolae_overflow_hidden_temple
D:4:      layout_basic
D:5:      layout_loops_cross, nicolae_uskayaw_dance_hall,
          minmay_temple_entry_statues_pillars, uniq_grinder
D:6:      layout_basic, xom_butterflies, serial_shops, nicolae_shop_statue_plus,
          chequers_serial_rivers_marsh
D:7:      layout_basic, nicolae_ossuary_entry_plus, uniq_joseph
D:8:      layout_rooms, david_lair_shrubbed, nrook_loot_triangle,
          chequers_serial_rivers_small_3,
          hellmonk_guarded_unrand_gyre_and_gimble
D:9:      layout_basic, general_overflow_altar,
          gammafunk_temple_overflow_statue, mrwooster_statue_mirror,
          minmay_misc_feat_four_crosses, dk_vineyard_2
D:10:     layout_roguey, nicolae_qazlal_general_emergency, david_orc_5,
          uniq_maggie, uniq_josephine, uniq_psyche, uniq_sonja
D:11:     layout_layer_cave, minmay_misc_feat_rows, uniq_urug, uniq_erolcha,
          uniq_harold
Temple:   jpeg_temple_clearing

Skill      XL: |  1  2  3  4  5  6  7  8  9 10 11 |
---------------+----------------------------------+-----
Fighting       | 2 3 4 5 6 7 9 10 | 10.0
Spellcasting   | 4 5 6 7 9 10 11 | 11.8
Earth Magic    | 4 5 6 8 9 10 | 10.3
Shields        | 1 3 4 5 |  5.6
Dodging        | |  2.4
Stealth        | |  2.4
Transmutations | |  1.1

Action                   |  1- 3 |  4- 6 |  7- 9 | 10-12 || total
-------------------------+-------+-------+-------+-------++-------
Melee: Spear             |    36 |   165 |   114 |     4 ||   319
       Short sword       |       |       |       |     7 ||     7
 Cast: Sandblast         |    14 |    54 |    97 |    48 ||   213
       Stone Arrow       |       |     1 |    57 |    24 ||    82
       Lee's Rapid Decon |       |       |       |    23 ||    23
Evoke: Wand              |       |       |     4 |    30 ||    34
  Use: Scroll            |       |     5 |     3 |     8 ||    16
       Potion            |       |     1 |     1 |       ||     2
 Stab: Sleeping          |     1 |     4 |     3 |     1 ||     9
       Distracted        |       |     1 |       |       ||     1
Armor: Robe              |     2 |     6 |    35 |     4 ||    47
       Ring mail         |    12 |    68 |       |       ||    80
       Skin              |       |       |     2 |       ||     2
       Swamp dragon scal |       |       |       |     1 ||     1
Dodge: Dodged            |    16 |    80 |    81 |    16 ||   193
Block: Other             |       |    25 |       |       ||    25
       Buckler           |       |     3 |   119 |    24 ||   146
       Reflection        |       |       |     6 |     6 ||    12

Table legend: (Time is in decaauts)
 A = Elapsed time spent in this place.
 B = Non-inter-level travel time spent in this place.
 C = Inter-level travel time spent in this place.
 D = Time resting spent in this place.
 E = Time spent auto-exploring this place.
 F = Levels seen in this place.
 G = Mean time per level.
                   A        B        C        D        E       F      G
               +--------+--------+--------+--------+--------+-----+--------+
         Total |  12060 |  11720 |    340 |   1802 |   8412 |  13 |  927.7 |
       Dungeon |  10846 |  10545 |    301 |   1613 |   7617 |  11 |  986.0 |
        Temple |    139 |    100 |     39 |      0 |     98 |   1 |  139.0 |
       Ossuary |   1074 |   1074 |      0 |    189 |    697 |   1 | 1074.0 |
               +--------+--------+--------+--------+--------+-----+--------+

Top non-repeatable levels by time:
     D:3: 1518 daAuts
     D:9: 1484 daAuts
     D:2: 1304 daAuts
     D:5: 1235 daAuts
     D:8: 1115 daAuts
 Ossuary: 1074 daAuts
     D:1: 930 daAuts
     D:6: 894 daAuts
     D:7: 830 daAuts
     D:4: 730 daAuts
    D:10: 538 daAuts
    D:11: 262 daAuts
  Temple: 139 daAuts
